 Dungeon Crawl Stone Soup version 0.30-a0-591-g3c58d2bc28 (webtiles) character file.

Game seed: 7343844527454354661

31768 cforsyth the Geomancer (level 13, -10/82 HPs)
             Began as a Gargoyle Earth Elementalist on Jan 6, 2023.
             Was an Elder of Vehumet.
             Mangled by a minotaur
             ... wielding a +5 short sword of protection
              (11 damage)
             ... in a Gauntlet.
             The game lasted 01:00:08 (22207 turns).

cforsyth the Geomancer (GrEE)                      Turns: 22207, Time: 01:00:09

Health: -10/82     AC: 21    Str: 18    XL:     13   Next: 60%
Magic:  5/27       EV: 13    Int: 25    God:    Vehumet [****..]
Gold:   893        SH: 10    Dex: 10    Spells: 23/32 levels left

rFire   + + .      SeeInvis .    n - staff of conjuration
rCold   . . .      Faith    .    G - +0 kite shield
rNeg    + . .      Spirit   .    H - +2 robe {Will+}
rPois   ∞          Reflect  .    L - +0 helmet
rElec   +          Harm     .    (no cloak)
rCorr   .          Rampage  .    P - +0 pair of gloves
Will    ++...      NoTele   +    k - +1 pair of boots
Stlth   ++                       M - amulet of the acrobat
HPRegen 0.33/turn                V - ring of Diel Vaxt {rElec rF++ Will+ Str+4 Int+6}
MPRegen 0.20/turn                I - +4 ring of protection

@: mighty, hasted, invisible, very quick
A: sickness immunity, AC +9, negative energy resistance 1, electricity
resistance, torment resistance 1, petrification resistance
a: Renounce Religion


You were in a Gauntlet.
You worshipped Vehumet.
Vehumet was greatly pleased with you.
You visited 3 branches of the dungeon, and saw 16 of its levels.
You also visited: Ossuary and Gauntlet.

You collected 906 gold pieces.
You spent 13 gold pieces at shops.

Inventory:

Missiles
 K - 2 throwing nets
Armour
 k - a +1 pair of boots (worn)
 x - a scarf of shadows
 G - a +0 kite shield (worn)
 H - a +2 robe of willpower (worn)
 L - a +0 helmet (worn)
 P - a +0 pair of gloves (worn)
Magical Staves
 n - a staff of conjuration (weapon)
Jewellery
 f - a ring of resist corrosion
 s - an amulet of reflection
 v - the amulet of the Four Winds {rN+ Will+++ Clar}
   (You found it on level 4 of the Dungeon)

   [amulet of nothing]

   rN:        It protects you from negative energy.
   Clar:      It protects you against confusion.
   Will:      It greatly increases your willpower.
 E - a +6 ring of intelligence
 I - a +4 ring of protection (right hand)
 M - an amulet of the acrobat (around neck)
 T - the ring of Lixoaf {Will+ Str+8 Int+2 Dex-5}
   (You found it in a Gauntlet)

   [ring of willpower]

   Str:       It affects your strength (+8).
   Int:       It affects your intelligence (+2).
   Dex:       It affects your dexterity (-5).
   Will:      It increases your willpower.
 U - a ring of see invisible
 V - the ring of Diel Vaxt (left hand) {rElec rF++ Will+ Str+4 Int+6}
   (You found it in a Gauntlet)

   [ring of intelligence]

   Str:       It affects your strength (+4).
   Int:       It affects your intelligence (+6).
   rF:        It greatly protects you from fire.
   rElec:     It insulates you from electricity.
   Will:      It increases your willpower.
 W - the ring "Gaattac" {rPois Will++ EV+5 Str+10 Dex-5}
   (You found it in a Gauntlet)

   [ring of evasion]

   EV:        It affects your evasion (+5).
   Str:       It affects your strength (+10).
   Dex:       It affects your dexterity (-5).
   rPois:     It protects you from poison.
   Will:      It greatly increases your willpower.
Wands
 d - a wand of polymorph (5)
 r - a wand of flame (33)
 t - a wand of digging (4)
 y - a wand of iceblast (22)
 J - a wand of paralysis (5)
 Q - a wand of acid (3)
 S - a wand of mindburst (9)
Scrolls
 a - a scroll of fear {unknown}
 c - 3 scrolls of enchant armour
 h - a scroll of silence
 i - 5 scrolls of vulnerability
 m - 2 scrolls of poison
 q - 2 scrolls of teleportation
 w - a scroll of blinking
 A - 4 scrolls of immolation
 D - a scroll of torment
 N - a scroll of fog
 O - 2 scrolls of butterflies {unknown}
 R - 2 scrolls of amnesia
Potions
 b - 2 potions of magic
 g - 2 potions of brilliance
 j - 3 potions of attraction
 l - 2 potions of lignification
 o - 6 potions of might
 p - 11 potions of curing
 u - 3 potions of invisibility
 z - 2 potions of berserk rage
 B - 5 potions of mutation
 C - 3 potions of flight
 F - a potion of resistance


   Skills:
 + Level 9.8 Fighting
 + Level 7.7 Dodging
 - Level 2.1 Stealth
 + Level 9.0 Shields
 + Level 10.0 Spellcasting
 + Level 9.8 Conjurations
 - Level 0.7 Transmutations
 + Level 13.2 Earth Magic


You had 23 spell levels left.
You knew the following spells:

 Your Spells              Type           Power      Damage    Failure   Level
a - Sandblast             Erth           100%       2d20      1%          1
b - Stone Arrow           Conj/Erth      100%       3d13      1%          3
c - Fireball              Conj/Fire      27%        3d12      11%         5

Your spell library contained the following spells:

 Spells                   Type           Power      Damage    Failure   Level
 Passwall                 Tmut/Erth      39%        N/A       1%          2
 Static Discharge         Conj/Air       100%       2-7/arc   1%          2
 Dazzling Flash           Conj/Hex       100%       N/A       1%          3
 Petrify                  Tmut/Erth      47%        N/A       7%          4
 Animate Armour           Summ/Erth      90%        N/A       8%          4
 Arcjolt                  Conj/Air       27%        1d37      11%         5
 Lightning Bolt           Conj/Air       27%        1d43      11%         5
 Necrotise                Necr           48%        1d6       12%         1
 Gell's Gravitas          Tloc           12%        N/A       34%         3
 Portal Projectile        Hex/Tloc       24%        N/A       34%         3
 Teleport Other           Tloc           12%        N/A       34%         3
 Tukima's Dance           Hex            12%        N/A       34%         3
 Vampiric Draining        Necr           12%        2d6       34%         3
 Vhi's Electric Charge    Tloc/Air       24%        N/A       34%         3
 Dispel Undead            Necr           12%        3d9       75%         4
 Lehudib's Crystal Spear  Conj/Erth      40%        10d10     82%         8
 Blade Hands              Tmut           8%         N/A       94%         5
 Agony                    Necr           12%        N/A       97%         5
 Silence                  Hex/Air        6%         N/A       97%         5
 Death Channel            Necr           6%         N/A       100%        6
 Dispersal                Tloc           6%         N/A       100%        6
 Cigotuvi's Dreadful Rot  Necr/Pois/Air  Unusable   N/A       N/A         2
 Statue Form              Tmut/Erth      Unusable   N/A       N/A         6

Dungeon Overview and Level Annotations

Branches:
Dungeon (12/15)            Temple (1/1) D:4            Lair (3/5) D:8
 Shoals (0/4) Lair:3       Spider (0/4) Lair:2      Ossuary (visited)
Gauntlet (1/1)
    Orc: D:9-12

Altars:
Ashenzari
Cheibriados
Dithmenos
Elyvilon
Fedhas
Gozag
Hepliaklqana
Kikubaaqudgha
Makhleb
Nemelex Xobeh
Okawaru
Qazlal
Ru
Sif Muna
Trog
Uskayaw
Vehumet
Wu Jian
Xom
Yredelemnul
Zin
The Shining One
Jiyva

Shops:
D:1 *   D:2 [[:[   D:8 !   D:12 (

Annotations:
D:3 2 transporters, ragingrage's ghost, amateur GnBr
D:5 1 runed translucent door, Crazy Yiuf
D:10 1 transporter
Lair:2 2 transporters, oldmanjim's ghost, journeyman DjFE Gauntlet 10 transporters, exclusion: orange crystal statue


Innate Abilities, Weirdness & Mutations

You are immune to sickness and miasma.
Your stone body is resilient. (AC +9)
You are immune to poison.
You resist negative energy. (rN+)
You are resistant to electric shocks. (rElec)
You are resistant to unholy torment.
You are immune to petrification.


Message History

Aiming: Stone Arrow (safe; 1% risk of failure)
Press: ? - help, Shift-Dir - straight line, f/p - minotaur
Aim: a minotaur, wielding a +5 short sword of protection, wearing a +0 plate armour and quivering silver javelins (almost dead, unable to see you, 89% to hit)
You feel a surge of power!
The stone arrow hits the minotaur but does no damage.
The minotaur is almost dead.
You block the minotaur's attack.
The minotaur gores you but does no damage.
Casting: Stone Arrow (safe; 1% risk of failure)
Confirm with . or Enter, or press ? or * to list all spells.
Aiming: Stone Arrow (safe; 1% risk of failure)
Press: ? - help, Shift-Dir - straight line, f/p - minotaur
Aim: a minotaur, wielding a +5 short sword of protection, wearing a +0 plate armour and quivering silver javelins (almost dead, unable to see you, 89% to hit)
You feel a surge of power!
The stone arrow hits the minotaur but does no damage.
The minotaur is almost dead.
Casting: Stone Arrow (safe; 1% risk of failure)
Confirm with . or Enter, or press ? or * to list all spells.
Aiming: Stone Arrow (safe; 1% risk of failure)
Press: ? - help, Shift-Dir - straight line, f/p - minotaur
Aim: a minotaur, wielding a +5 short sword of protection, wearing a +0 plate armour and quivering silver javelins (almost dead, unable to see you, 89% to hit)
You feel a surge of power!
The stone arrow hits the minotaur but does no damage.
The minotaur is almost dead.
The minotaur hits you with a +5 short sword of protection!!
* * * LOW HITPOINT WARNING * * *
The minotaur gores you!
* * * LOW HITPOINT WARNING * * *
Unknown command.
Okay, then.
Unknown command.
Casting: Stone Arrow (safe; 1% risk of failure)
Confirm with . or Enter, or press ? or * to list all spells.
Aiming: Stone Arrow (safe; 1% risk of failure)
Press: ? - help, Shift-Dir - straight line, f/p - minotaur
Aim: a minotaur, wielding a +5 short sword of protection, wearing a +0 plate armour and quivering silver javelins (almost dead, unable to see you, 89% to hit)
You feel a surge of power!
The stone arrow hits the minotaur.
The minotaur is almost dead.
The minotaur completely misses you. The minotaur gores you!
You die...

#≈.......#.#..≈∩§..#.#.......≈#
##########.#########.##########
8# ≈...............≈# #8# ##
8.8.8.8.8.8.8.8.8# ###
§...............§#
#######.#########
#.............# #.###########.#
#.#...@.....# #.#.###H###.#
#.#.## .8# #.#..# ∩.# #.##.#
.8# #..#.#####.# ##.#.......#
#.##.###### #...........


You could see a minotaur (unable to see you).

Vanquished Creatures
  Snorg (D:9)
  Harold (Lair:2)
  4 death yaks
  2 two-headed ogres
  A boulder beetle (D:11)
  An orange crystal statue (Gauntlet)
  2 wolf spiders
  A deep elf pyromancer (D:9)
  2 ugly things
  A manticore (D:12)
  5 cyclopes
  A moth of wrath (Gauntlet)
  5 black mambas
  6 cane toads
  2 komodo dragons
  An unseen horror (D:12)
  2 trolls (D:11)
  A polar bear (Lair:1)
  3 hornets (Gauntlet)
  17 blink frogs
  A vampire (D:10)
  4 slime creatures
  A culicivora (Lair:2)
  5 wyverns
  17 yaks
  3 wraiths
  Sigmund (D:3)
  A basilisk (Lair:2)
  4 redbacks
  3 steam dragons (D:10)
  Menkaure (D:7)
  2 acid dragons
  8 water moccasins
  8 orc warriors
  3 ice beasts
  A black bear (D:8)
  An ogre (D:5)
  A boggart (shapeshifter) (D:9)
  9 wolves (Lair:1)
  3 centaurs
  4 kobold brigands
  13 bullfrogs
  A necrophage (D:4)
  A water moccasin zombie (Ossuary)
  3 scorpions (D:7)
  3 gnoll sergeants
  10 wights
  6 killer bees (D:9)
  2 howler monkeys
  2 bullfrog zombies (Ossuary)
  6 jellies
  A centaur zombie (Ossuary)
  A human zombie (Ossuary)
  A gnoll bouda (D:9)
  7 orc priests
  4 hounds
  2 iguanas (D:5)
  A scorpion zombie (Ossuary)
  Jessica (D:2)
  14 orc wizards
  Natasha (thrice) (D:3)
  8 gnolls
  8 adders
  A shadow imp (D:6)
  An ufetubus (D:5)
  5 adder zombies (Ossuary)
  3 worms
  3 dart slugs
  41 orcs
  5 ball pythons
  A bat (D:1)
  6 endoplasms
  3 giant cockroaches
  2 gnoll zombies (Ossuary)
  4 goblins (D:2)
  3 hobgoblins
  5 quokkas
  A frilled lizard (D:3)
  2 goblin zombies (Ossuary)
  4 hobgoblin zombies (Ossuary)
  18 kobolds
  4 orc zombies (Ossuary)
  11 rats
361 creatures vanquished.

Vanquished Creatures (others)
  A bush (D:8)
  14 fungi
  33 plants
48 creatures vanquished.

Grand Total: 409 creatures vanquished

Notes
Turn   | Place    | Note
-------+----------+-------------------------------------------
     0 | D:1      | cforsyth the Gargoyle Earth Elementalist began the quest
                  | for the Orb.
     0 | D:1      | Reached XP level 1. HP: 10/10 MP: 3/3
   191 | D:1      | Reached XP level 2. HP: 15/15 MP: 1/5
   238 | D:1      | Reached skill level 4 in Earth Magic
   380 | D:1      | Found Kosmena's Assorted Antiques.
   834 | D:2      | Found Hadeab's Book Shop.
   841 | D:2      | Reached XP level 3. HP: 19/19 MP: 1/7
   932 | D:2      | Found Joahebed's Armour Boutique.
  1063 | D:2      | Found Honofet's Antique Armour Shop.
  1093 | D:2      | Noticed Jessica
  1095 | D:2      | Found a faded altar of an unknown god.
  1097 | D:2      | Killed Jessica
  1098 | D:2      | Reached skill level 5 in Earth Magic
  1098 | D:2      | Reached XP level 4. HP: 24/24 MP: 6/8
  1230 | D:2      | Found Suosi's Antique Armour Shop.
  1575 | D:3      | Found an iron altar of Okawaru.
  1672 | D:3      | Noticed Sigmund
  1678 | D:3      | Killed Sigmund
  1679 | D:3      | Reached skill level 6 in Earth Magic
  1679 | D:3      | Reached XP level 5. HP: 28/28 MP: 6/11
  1679 | D:3      | Reached XP level 6. HP: 32/32 MP: 6/12
  1827 | D:3      | Found an ornate altar of the Wu Jian Council.
  1857 | D:3      | Noticed Natasha
  1864 | D:3      | Killed Natasha
  1882 | D:3      | Noticed ragingrage's ghost (amateur GnBr)
  1942 | D:3      | Found a transporter.
  1959 | D:3      | Found a transporter.
  2022 | D:3      | Noticed Natasha
  2027 | D:3      | Killed Natasha
  2081 | D:3      | Noticed a moth of wrath
  2083 | D:3      | Found a bloodstained altar of Trog.
  2438 | D:3      | Noticed Natasha
  2443 | D:3      | Killed Natasha
  2708 | D:4      | Found a staircase to the Ecumenical Temple.
  2828 | D:4      | Got the Octavo of Putrescence and Therianthropy
  2955 | D:4      | Found the amulet of the Four Winds {rN+ Will+++ Clar}
  3042 | D:4      | Found a hide-covered altar of Uskayaw.
  3045 | D:4      | Found a glowing silver altar of Zin.
  3059 | D:4      | Found a glowing golden altar of the Shining One.
  3160 | D:4      | Found a sacrificial altar of Ru.
  3332 | D:4      | Found a burning altar of Makhleb.
  3432 | D:4      | Reached skill level 7 in Earth Magic
  3432 | D:4      | Reached XP level 7. HP: 36/36 MP: 12/14
  3638 | Temple   | Entered the Ecumenical Temple
  3830 | D:5      | Entered Level 5 of the Dungeon
  3836 | D:5      | Reached skill level 5 in Spellcasting
  4247 | D:5      | Found a runed translucent door.
  4248 | D:5      | Noticed Crazy Yiuf
  4384 | D:5      | Reached skill level 8 in Earth Magic
  4421 | D:5      | Learned a level 3 spell: Stone Arrow
  4832 | D:6      | Reached skill level 1 in Fighting
  4832 | D:6      | Reached skill level 1 in Conjurations
  4832 | D:6      | Reached XP level 8. HP: 43/43 MP: 11/16
  5011 | D:6      | Found a sand-covered staircase.
  5016 | Ossuary  | Entered an ossuary
  5929 | Ossuary  | Noticed a wraith
  5936 | Ossuary  | Killed a wraith
  5981 | Ossuary  | Noticed a silent spectre
  6542 | D:6      | Reached XP level 9. HP: 51/51 MP: 15/18
  6705 | D:6      | Reached skill level 9 in Earth Magic
  6891 | D:7      | Reached skill level 1 in Shields
  7333 | D:7      | Noticed Menkaure
  7334 | D:7      | Killed Menkaure
  7429 | D:7      | Found a radiant altar of Vehumet.
  7495 | D:7      | Became a worshipper of Vehumet
  8301 | D:8      | Reached skill level 5 in Fighting
  8301 | D:8      | Reached XP level 10. HP: 54/59 MP: 16/20
  8359 | D:8      | Reached skill level 5 in Conjurations
  8521 | D:8      | Found a staircase to the Lair.
  8531 | D:7      | Reached skill level 10 in Earth Magic
  8800 | D:8      | Reached * piety under Vehumet
  8800 | D:8      | Offered knowledge of Magic Dart by Vehumet.
  9151 | D:8      | Found a white marble altar of Elyvilon.
  9665 | D:8      | Found a basalt altar of Yredelemnul.
  9669 | D:8      | Identified the +3 falchion "Beetlebane" {heavy, Str+3}
  9697 | D:8      | Found Avvioh's Distillery.
  9700 | D:8      | Bought a potion of degeneration for 13 gold pieces
  9985 | D:9      | Reached skill level 5 in Dodging
 10399 | D:9      | Offered knowledge of Shock by Vehumet.
 10512 | D:9      | Reached ** piety under Vehumet
 10516 | D:9      | Reached skill level 5 in Shields
 10729 | D:9      | Reached XP level 11. HP: 66/66 MP: 11/22
 10792 | D:9      | Noticed a deep elf pyromancer
 10798 | D:9      | Killed a deep elf pyromancer
 11672 | D:10     | Entered Level 10 of the Dungeon
 11683 | D:10     | Noticed Snorg
 11698 | D:9      | Killed Snorg
 11957 | D:10     | Reached skill level 11 in Earth Magic
 12531 | D:10     | Offered knowledge of Ignite Poison by Vehumet.
 12700 | D:10     | Found an opulent altar of Gozag.
 12767 | D:10     | Found a transporter.
 12789 | D:10     | Found a transporter.
 12791 | D:10     | Found a transporter.
 12795 | D:10     | Found a transporter.
 12803 | D:10     | Noticed a cyclops
 12808 | D:10     | Killed a cyclops
 12976 | D:10     | Noticed a cyclops
 12984 | D:10     | Killed a cyclops
 13214 | D:10     | Found a sparkling altar of Nemelex Xobeh.
 13465 | D:11     | Noticed a cyclops
 13468 | D:11     | Killed a cyclops
 13541 | D:11     | Noticed a brown ugly thing
 13545 | D:11     | Killed a brown ugly thing
 13605 | D:11     | Noticed a two-headed ogre
 13624 | D:11     | Killed a two-headed ogre
 13738 | D:11     | Noticed a cyclops
 13742 | D:11     | Noticed a boulder beetle
 13746 | D:11     | Killed a cyclops
 14305 | D:11     | Noticed a cyclops
 14659 | D:11     | Reached *** piety under Vehumet
 14688 | D:11     | Killed a cyclops
 14689 | D:11     | Reached XP level 12. HP: 67/73 MP: 3/24
 14833 | D:11     | Killed a boulder beetle
 15455 | D:12     | Found Noith's Antique Weapon Emporium.
 15574 | D:12     | Offered knowledge of Dazzling Flash by Vehumet.
 15686 | D:12     | Noticed a two-headed ogre
 15689 | D:12     | Killed a two-headed ogre
 16168 | D:12     | Reached skill level 12 in Earth Magic
 16296 | D:12     | Noticed a fire dragon
 16614 | Lair:1   | Entered Level 1 of the Lair of Beasts
 17287 | Lair:1   | Reached **** piety under Vehumet
 17834 | Lair:1   | Offered knowledge of Fireball by Vehumet.
 18515 | Lair:2   | Noticed oldmanjim's ghost (journeyman DjFE)
 18516 | Lair:2   | Noticed an eight-headed hydra
 18528 | Lair:2   | Reached XP level 13. HP: 75/80 MP: 15/26
 18584 | Lair:2   | Found a transporter.
 18591 | Lair:2   | Learned a level 5 spell: Fireball
 18905 | Lair:2   | Found a transporter.
 18920 | Lair:2   | Noticed Harold
 18931 | Lair:2   | Killed Harold
 19129 | Lair:2   | Found a hole to the Spider Nest.
 20851 | Lair:1   | Reached skill level 13 in Earth Magic
 21155 | Lair:3   | Found a gate leading to a gauntlet.
 21162 | Gauntlet | Entered a Gauntlet
 21162 | Gauntlet | Found a transporter.
 21162 | Gauntlet | Found a transporter.
 21166 | Gauntlet | Found a transporter.
 21166 | Gauntlet | Found a transporter.
 21174 | Gauntlet | Found a transporter.
 21193 | Gauntlet | Noticed a reaper
 21197 | Gauntlet | Found a transporter.
 21203 | Gauntlet | Found a transporter.
 21203 | Gauntlet | Found a transporter.
 21207 | Gauntlet | Found a transporter.
 21234 | Gauntlet | Found a transporter.
 21241 | Gauntlet | Found a transporter.
 21288 | Gauntlet | Found a transporter.
 21298 | Gauntlet | Found a transporter.
 21320 | Gauntlet | Found a transporter.
 21415 | Gauntlet | Found a transporter.
 21431 | Gauntlet | Found a transporter.
 21682 | Gauntlet | Reached skill level 10 in Spellcasting
 21966 | Gauntlet | Identified the ring of Lixoaf {Will+ Str+8 Int+2 Dex-5}
 21974 | Gauntlet | Identified the ring of Diel Vaxt {rElec rF++ Will+ Str+4
                  | Int+6}
 22061 | Gauntlet | Identified the ring "Gaattac" {rPois Will++ EV+5 Str+10
                  | Dex-5}
 22178 | Gauntlet | Noticed a minotaur
 22206 | Gauntlet | HP: 1/82 [minotaur/+5 short sword of protection (13)]
 22207 | Gauntlet | Mangled by a minotaur

Illustrated notes

Levels and vault maps discovered:
D:1:      dpeg_arrival_stone_temple_mockup, layout_loops_cross, serial_shops,
          nicolae_shop_waterfront, minivault_26, hex_tiny
D:2:      cheibrodos_old_hovel, layout_rooms, serial_shops, shop, shop,
          shop_fountains, shop, basic_ecumenical_altar,
          grunt_decor_mini_mirrors, uniq_jessica
D:3:      layout_basic, okawaru_gym_becter, mainiacjoe_overflow_boulevard,
          tgw_trog, gammafunk_ghost_stat_death, uniq_sigmund, uniq_natasha
D:4:      layout_basic, lemuel_tele_altar, grunt_temple_overflow_cloverleaf,
          minmay_temple_entry_glassed_door, dreamdust_princess_corridor,
          corexii_hall_statues_s
D:5:      layout_basic, uniq_crazy_yiuf_cottage
D:6:      layout_gridville, enter_ossuary_2
D:7:      layout_rooms, marbit_many_paths, minmay_circle_x, uniq_menkaure
D:8:      layout_cave_pools, old_standard_altar, elyvilon_altar_1,
          minmay_lair_entry_grove, serial_shops, nicolae_shop_behind_doors
D:9:      kennysheep_blocky_room, layout_loops_cross
D:10:     cheibrodos_steamvent, layout_irregular_city,
          mainiacjoe_overflow_alcove_4,
          nicolae_gozag_cash_rules_everything_around_me,
          hangedman_decor_growths, nicolae_transporter_circle, uniq_snorg
D:11:     layout_cave_pools
D:12:     layout_roguey, david_orc_4, serial_shops, shop,
          minmay_checkered_concentric_circles
Temple:   pf_slimified_temple
Lair:1:   layout_layer_cave, hibernation_bobbens
Lair:2:   layout_cave_pods, spider_nest_entry_funnel_web, gammafunk_ghost_arena,
          st_stairs_10, dreamdust_mushroom_princess, serial_bayou_shore_a,
          uniq_harold
Lair:3:   layout_concentric_octagons, minmay_shoals_entry_hut,
          gauntlet_entry_generic, uniq_nergalle
Gauntlet: gammafunk_gauntlet_branching [nicolae_gauntlet_arena_quarters,
          gammafunk_gauntlet_arena_chambers, nicolae_gauntlet_arena_x,
          gammafunk_gauntlet_arena_arrow_garden,
          gammafunk_gauntlet_arena_corners, gammafunk_gauntlet_arena_split_x,
          gammafunk_gauntlet_arena_teeth, gammafunk_gauntlet_arena_mazey,
          dreamdust_gauntlet_exit_labyrinth]

Skill      XL: |  1  2  3  4  5  6  7  8  9 10 11 12 13 |
---------------+----------------------------------------+-----
Earth Magic    | 4 5 6 7 8 9 10 11 12 13 | 13.2
Spellcasting   | 3 4 5 6 7 8 9 10 | 10.0
Fighting       | 1 3 5 6 7 9 |  9.8
Conjurations   | 1 3 4 6 7 9 |  9.8
Dodging        | 3 4 5 6 7 |  7.7
Shields        | 3 5 6 8 9 |  9.0
Stealth        | |  2.1
Transmutations | |  0.7

Action                   |  1- 3 |  4- 6 |  7- 9 | 10-12 | 13-15 || total
-------------------------+-------+-------+-------+-------+-------++-------
Melee: Unarmed           |     1 |       |       |       |       ||     1
       Staff             |       |       |       |     7 |     4 ||    11
 Cast: Sandblast         |    38 |    56 |   162 |   180 |    48 ||   484
       Stone Arrow       |       |       |    16 |   212 |    94 ||   322
Evoke: Wand              |       |       |       |     5 |       ||     5
  Use: Scroll            |       |       |    15 |    11 |     2 ||    28
       Potion            |       |       |       |     3 |     4 ||     7
Armor: Robe              |     3 |     6 |    25 |   124 |    32 ||   190
Dodge: Dodged            |    10 |    13 |    37 |   150 |    24 ||   234
Block: Kite shield       |       |       |     6 |   131 |    31 ||   168

Table legend: (Time is in decaauts)
 A = Elapsed time spent in this place.
 B = Non-inter-level travel time spent in this place.
 C = Inter-level travel time spent in this place.
 D = Time resting spent in this place.
 E = Time spent auto-exploring this place.
 F = Levels seen in this place.
 G = Mean time per level.
                   A        B        C        D        E       F      G
               +--------+--------+--------+--------+--------+-----+--------+
         Total |  22463 |  21786 |    677 |   6734 |  10836 |  18 | 1247.9 |
       Dungeon |  15689 |  15082 |    607 |   4098 |   8255 |  12 | 1307.4 |
        Temple |    103 |     86 |     17 |      0 |     78 |   1 |  103.0 |
          Lair |   4597 |   4545 |     52 |   1602 |   2229 |   3 | 1532.3 |
       Ossuary |   1025 |   1025 |      0 |    734 |      0 |   1 | 1025.0 |
      Gauntlet |   1047 |   1047 |      0 |    300 |    273 |   1 | 1047.0 |
               +--------+--------+--------+--------+--------+-----+--------+

Top non-repeatable levels by time:
  Lair:1: 2274 daAuts
  Lair:2: 2271 daAuts
    D:10: 2043 daAuts
     D:7: 2025 daAuts
     D:9: 1599 daAuts
    D:11: 1398 daAuts
    D:12: 1318 daAuts
     D:8: 1233 daAuts
     D:3: 1191 daAuts
     D:6: 1180 daAuts
     D:5: 1117 daAuts
Gauntlet: 1047 daAuts
     D:4: 1038 daAuts
 Ossuary: 1025 daAuts
     D:1: 835 daAuts
